 Dungeon Crawl Stone Soup version 0.29-a0-451-gfbfa42419e (webtiles) character file.

Game seed: 1712149876562804035

329 CrazyBamboolord the Bolt Thrower (level 6, -1/35 (36) HPs)
             Began as a Kobold Arcane Marksman on May 19, 2022.
             Was an Initiate of Hepliaklqana.
             Slain by a necrophage (3 damage)
             ... on level 5 of the Dungeon.
             The game lasted 00:08:18 (4489 turns).

CrazyBamboolord the Bolt Thrower (KoAM)             Turns: 4489, Time: 00:08:19

HP:   -1/35 (36)    AC:  3    Str:  8    XL:     6   Next: 80%
MP:   8/9           EV: 15    Int: 14    God:    Hepliaklqana [......]
Gold: 152           SH:  5    Dex: 17    Spells: 5/9 levels left

rFire   . . .      SeeInvis .   a - +0 hand crossbow
rCold   . . .      Faith    .   (no shield)
rNeg    . . .      Spirit   .   b - +0 robe
rPois   .          Reflect  +   q - +0 helmet
rElec   .          Harm     .   (no cloak)
rCorr   .          Rampage  .   (no gloves)
Will    .....                   (no boots)
Stlth   +++.......              o - amulet of reflection
HPRegen 0.11/turn               (no ring)
MPRegen 0.11/turn               (no ring)

@: lightly drained
A: small, no large weapons, nightstalker 3
a: Renounce Religion


You were on level 5 of the Dungeon.
You worshipped Hepliaklqana.
Hepliaklqana was noncommittal.
You visited 2 branches of the dungeon, and saw 7 of its levels.

You collected 152 gold pieces.

Inventory:

Hand Weapons
 a - a +0 hand crossbow (weapon)
Armour
 b - a +0 robe (worn)
 q - a +0 helmet (worn)
Jewellery
 j - an amulet of the acrobat
 o - an amulet of reflection (around neck)
Wands
 h - a wand of acid (4)
Scrolls
 c - a scroll of vulnerability
 d - a scroll of blinking
 e - 3 scrolls of noise
 f - a scroll of magic mapping
 g - 2 scrolls of teleportation
 k - a scroll of fog
 l - a scroll of fear
 m - a scroll of enchant armour {unknown}
 p - a scroll of enchant weapon {unknown}
Potions
 i - 3 potions of heal wounds
 n - a potion of invisibility


   Skills:
 * Level 2.7 Fighting
 * Level 6.1 Crossbows
 * Level 3.1 Dodging
 * Level 2.1 Spellcasting
 * Level 3.8 Hexes
 * Level 1.6 Translocations


You had 5 spell levels left.
You knew the following spells:

 Your Spells              Type           Power      Damage    Failure   Level
a - Slow                  Hex            48%        N/A       4%          1
b - Portal Projectile     Hex/Tloc       18%        N/A       22%         3

Your spell library contained the following spells:

 Spells                   Type           Power      Damage    Failure   Level
 Beastly Appendage        Tmut           2%         N/A       24%         1
 Inner Flame              Hex/Fire       6%         N/A       32%         3
 Wereblood                Tmut           1%         N/A       34%         2
 Cause Fear               Hex            6%         N/A       43%         4
 Spider Form              Tmut/Pois      1%         N/A       56%         3


Dungeon Overview and Level Annotations

Branches:
Dungeon (6/15)             Temple (1/1) D:4

Altars:
Ashenzari
Elyvilon
Fedhas
Gozag
Hepliaklqana
Okawaru
Vehumet
Wu Jian
Xom
Yredelemnul
Zin

Shops:
D:3 [=   D:4 (


Innate Abilities, Weirdness & Mutations

You are small and have problems with some larger weapons.
You are completely attuned to the shadows.


Message History

Confirm with . or Enter, or press ? or * to list all spells.
Aiming: Slow (safe; 4% risk of failure)
Press: ? - help, Shift-Dir - straight line, f/p - necrophage
Aim: a necrophage (heavily damaged, chance to affect: 33%)
The necrophage easily resists.
The jelly quivers.
The gnoll shouts!
The necrophage closely misses you.
The gnoll hits you from afar with a +0 spear!
* * * LOW HITPOINT WARNING * * *
The necrophage hits you.
* * * LOW HITPOINT WARNING * * *
You block the gnoll's attack.
The necrophage attacks as you move away!
The necrophage barely misses you.
Your magical contamination has completely faded away.
The necrophage attacks as you move away!
The necrophage closely misses you.
The necrophage attacks as you move away!
The necrophage closely misses you.
Found a white potion.
There is an escape hatch in the ceiling here.
The necrophage hits you.
* * * LOW HITPOINT WARNING * * *
You feel drained.
* * * LOW HITPOINT WARNING * * *
A mysterious force pulls you upwards. The hatch slams shut behind you.
The necrophage attacks as you move away!
You block the necrophage's attack. The dart slug launches a dart at you.
The slug dart misses you.
The necrophage attacks as you move away!
The necrophage misses you.
The necrophage attacks as you move away!
The necrophage closely misses you.
The necrophage attacks as you move away!
The necrophage barely misses you.
The necrophage attacks as you move away!
The necrophage hits you.
You die...

# .#.
########....
#....w......
#.......#...
#..##.#.....
#.n#......#.
#.@#..#.#.#
#.......#...
#.....O.. #.
......#
#.###..#


You could see a two-headed ogre (asleep) and a necrophage.

Vanquished Creatures
  A black bear (D:4)
  2 hounds (D:6)
  An iguana (D:4)
  A gnoll (D:6)
  10 adders
  A worm (D:3)
  2 dart slugs
  3 orcs (D:6)
  7 ball pythons
  A bat (D:3)
  5 endoplasms
  A giant cockroach (D:2)
  4 goblins
  5 hobgoblins
  2 quokkas (D:2)
  2 frilled lizards
  5 kobolds
  4 rats
57 creatures vanquished.

Notes
Turn   | Place    | Note
-------+----------+-------------------------------------------
     0 | D:1      | CrazyBamboolord the Kobold Arcane Marksman began the quest
                  | for the Orb.
     0 | D:1      | Reached XP level 1. HP: 12/12 MP: 2/2
   249 | D:1      | Reached XP level 2. HP: 16/16 MP: 3/3
   604 | D:1      | Reached skill level 3 in Crossbows
   852 | D:2      | Reached XP level 3. HP: 14/20 MP: 4/4
  1666 | D:2      | Reached XP level 4. HP: 25/25 MP: 5/5
  2074 | D:2      | Found a faded altar of an unknown god.
  2086 | D:2      | Reached skill level 4 in Crossbows
  2273 | D:2      | Reached skill level 1 in Translocations
  2635 | D:3      | Found Vogor's Antique Armour Shop.
  2652 | D:3      | Reached XP level 5. HP: 9/30 MP: 7/7
  3485 | D:3      | Found a white marble altar of Elyvilon.
  3493 | D:3      | Found a shimmering altar of Xom.
  3587 | D:3      | Found Jiedekipa's Jewellery Boutique.
  3794 | D:4      | Noticed a black bear
  3810 | D:4      | Killed a black bear
  3811 | D:4      | Reached skill level 5 in Crossbows
  3811 | D:4      | Reached XP level 6. HP: 32/36 MP: 8/8
  3850 | D:4      | Found a staircase to the Ecumenical Temple.
  3866 | Temple   | Entered the Ecumenical Temple
  3959 | Temple   | Became a worshipper of Hepliaklqana the Forgotten
  4136 | D:4      | Found Hara's Antique Weapon Shop.
  4316 | D:4      | You fall into a shaft and drop 2 floors!
  4343 | D:6      | Reached skill level 6 in Crossbows
  4347 | D:6      | Learned a level 3 spell: Portal Projectile
  4480 | D:6      | HP: 1/35 [necrophage (1)]
  4481 | D:5      | Entered Level 5 of the Dungeon
  4481 | D:5      | Noticed a two-headed ogre
  4489 | D:5      | Slain by a necrophage

Illustrated notes

Levels and vault maps discovered:
D:1:      lightli_arrival_noodles, layout_basic, serial_forest,
          infiniplex_forest_straight_5, infiniplex_forest_pool,
          infiniplex_forest_lined_2, infiniplex_forest_straight_4,
          infiniplex_forest_diagonal, infiniplex_forest_clump_curved,
          infiniplex_forest_lined_3_way, infiniplex_forest_corner_1,
          infiniplex_forest_lined_2, eino_curves_01, minmay_tiny_reverse_x
D:2:      layout_basic, hellmonk_ecumenical_altar_heavens_door,
          kennysheep_cluttered_room
D:3:      layout_basic, mainiacjoe_overflow_big_doors, serial_shops,
          nicolae_shop_statue_plus, nicolae_shop_crystal, supply_closet_lemuel
D:4:      layout_basic, minmay_temple_entry_statues_pillars, serial_shops,
          nicolae_shop_hallway_stairs, nicolae_diamond_shop, nicolae_shop_stone
D:5:      layout_loops_cross, grunt_ministairs_7, kennysheep_boxes
D:6:      layout_loops_ring, minmay_chambers_of_fives
Temple:   dpeg_five_rooms_temple

Skill      XL: |  1  2  3  4  5  6 |
---------------+-------------------+-----
Crossbows      | 3 4 5 6 |  6.1
Translocations | 1 |  1.6
Fighting       | 2 |  2.7
Dodging        | 3 |  3.1
Spellcasting   | 2 |  2.1
Hexes          | |  3.8

Action                   |  1- 3 |  4- 6 || total
-------------------------+-------+-------++-------
 Fire: Hand crossbow     |    64 |   169 ||   233
 Cast: Slow              |     8 |     4 ||    12
  Use: Potion            |     2 |     2 ||     4
       Scroll            |       |     6 ||     6
Armor: Robe              |     4 |    13 ||    17
       Skin              |       |    12 ||    12
Dodge: Dodged            |    39 |   107 ||   146
Block: Other             |       |    12 ||    12

Table legend: (Time is in decaauts)
 A = Elapsed time spent in this place.
 B = Non-inter-level travel time spent in this place.
 C = Inter-level travel time spent in this place.
 D = Time resting spent in this place.
 E = Time spent auto-exploring this place.
 F = Levels seen in this place.
 G = Mean time per level.
                   A        B        C        D        E       F      G
               +--------+--------+--------+--------+--------+-----+--------+
         Total |   4556 |   4446 |    110 |    608 |   3236 |   7 |  650.9 |
       Dungeon |   4414 |   4354 |     60 |    608 |   3150 |   6 |  735.7 |
        Temple |    142 |     92 |     50 |      0 |     86 |   1 |  142.0 |
               +--------+--------+--------+--------+--------+-----+--------+

Top non-repeatable levels by time:
     D:2: 1781 daAuts
     D:3: 1216 daAuts
     D:1: 836 daAuts
     D:4: 399 daAuts
     D:6: 172 daAuts
  Temple: 142 daAuts
     D:5: 7 daAuts
